 Dungeon Crawl Stone Soup version bcrawl-1.39.1 (webtiles) character file.

Game seed: 18042703760102626334

192740 Lazarus1551 the Magician (level 8, -3/62 HPs)
             Began as an Oni Earth Elementalist on Sept 30, 2023.
             Was an Initiate of Ashenzari.
             Killed from afar by an orc wizard (6 damage)
             ... with a puff of flame
             ... on level 6 of the Dungeon.
             The game lasted 00:18:37 (6125 turns).

Lazarus1551 the Magician (Oni Earth Elementalist)   Turns: 6125, Time: 00:18:38

Health: -3/62      AC:  5    Str: 15    XL:     8   Next: 41%
Magic:  22/28      EV: 17    Int: 19    God:    Ashenzari [......]
Gold:   334        SH:  4    Dex: 16    Spells: 14/19 levels left

rFire    + . .     GDR:     28% g - +0 flail
rCold    x . .     SeeInvis .   a - +0 buckler
rNeg     . . .     Gourm    +   z - +2 robe {RegenMP}
rPois    .         Faith    .   (helmet restricted)
rElec    .         Spirit   .   (no cloak)
rCorr    .         Reflect  .   h - +0 pair of gloves {Str+3}
MR       .....                  (no boots)
Stlth    +++.......             o - amulet of the gourmand
HPRegen  0.20/turn              i - ring of fire (curse)
MPRegen  0.42/turn              y - ring of magical power

@: agile, very slightly contaminated, lightly drained
A: oni magic, claws 1, fangs 1, horns 1
a: Curse Item, Renounce Religion


You were on level 6 of the Dungeon.
You worshipped Ashenzari.
Ashenzari was noncommittal.
You were hungry.

You visited 2 branches of the dungeon, and saw 8 of its levels.

You collected 334 gold pieces.

Inventory:

Hand Weapons
 g - a +0 flail (weapon)
 A - a cursed +4 dire flail
 C - a cursed +4 scimitar
Missiles
 b - 495 stones (quivered)
 j - 88 javelins
 p - 77 poisoned needles
 q - 84 poisoned tomahawks
Armour
 a - a +0 buckler (worn)
 c - a +0 animal skin
 h - a +0 pair of gloves of strength (worn)
 z - a +2 robe of magic recovery (worn)
Magical Staves
 v - an uncursed staff of air
Jewellery
 i - a cursed ring of fire (left hand)
 o - an amulet of the gourmand (around neck)
 r - the cursed amulet of Vision {SInv *Curse}
   (You found it in the Ecumenical Temple)

   [amulet of nothing]

   It lets you see invisible.
   It curses itself when equipped.
   It has a curse placed upon it.
 y - a ring of magical power (right hand)
Wands
 B - a wand of disintegration (12)
Scrolls
 d - a scroll of enchant armour
 k - a scroll of blinking
 m - 2 scrolls of remove curse
 n - a scroll of teleportation
 t - a scroll of immolation {unknown}
 u - 4 scrolls of revelation
 w - a scroll of summoning
 x - a scroll of enchant weapon
Potions
 f - a potion of ambrosia
 l - a potion of haste
 s - a potion of agility
 D - a potion of brilliance {unknown}
Comestibles
 e - 11 rations {!d}


   Skills:
 - Level 2.3(2.1) Fighting
 - Level 2.1(1.9) Maces & Flails
 - Level 4.1(3.9) Dodging
 - Level 1.7(1.5) Stealth
 - Level 0.3(0.1) Shields
 - Level 1.0(0.7) Unarmed Combat
 * Level 6.2(5.9) Spellcasting
   Level 6.2(5.9) Conjurations
   Level 6.2(5.9) Hexes
   Level 6.2(5.9) Charms
   Level 6.2(5.9) Summonings
   Level 6.2(5.9) Necromancy
   Level 6.2(5.9) Translocations
   Level 6.2(5.9) Transmutations
   Level 6.2(5.9) Fire Magic
   Level 6.2(5.9) Ice Magic
   Level 6.2(5.9) Air Magic
   Level 6.2(5.9) Earth Magic
   Level 6.2(5.9) Poison Magic


You had 14 spell levels left.
You knew the following spells:

 Your Spells              Type           Power        Failure   Level  Hunger
a - Sandblast             Erth           ####..       1%          1    None
b - Necrotize             Necr           ####..       1%          1    None
c - Stone Arrow           Conj/Erth      ####..       9%          3    ##.....

Your spell library contained the following spells:

 Spells                   Type           Power        Failure   Level  Hunger
 Passwall                 Tmut/Erth      ####....     4%          2    None
 Portal Projectile        Tloc           ####..       6%          3    ##.....
 Teleport Other           Tloc           ####....     6%          3    ##.....
 Force Lance              Tloc           ####....     19%         4    ####...
 Petrify                  Tmut/Erth      ####......   26%         4    ####...
 Lee's Rapid Deconstruct  Erth           ####......   47%         5    ######.


Dungeon Overview and Level Annotations

Branches:
Dungeon (7/12)             Temple (1/1) D:5
   Lair: D:7-9

Altars:
Ashenzari
Cheibriados
Dithmenos
Fedhas
Gozag
Hepliaklqana
Kikubaaqudgha
Lugonu
Makhleb
Nemelex Xobeh
Okawaru
Qazlal
Ru
Sif Muna
Trog
Uskayaw
Vehumet
Wu Jian
Xom
Yredelemnul

Shops:
D:4 (


Innate Abilities, Weirdness & Mutations

You learn spells by gaining experience, not through books or religion.
You only train spellcasting to practice magic.
You have sharp fingernails.
You have very sharp teeth.
You have a pair of small horns on your head.


Message History

Aiming: Stone Arrow (safe; 9% risk of failure)
Press: ? - help, Shift-Dir - straight line, f/p - orc warrior
Aim: an orc warrior, wielding a +0 dire flail and wearing a +0 plate armour You miscast Stone Arrow.
Your skin tingles.
The orc warrior hits you with a +0 dire flail!!
* * * LOW HITPOINT WARNING * * *
You hear a shout!
Casting: Stone Arrow (safe; 9% risk of failure)
Confirm with . or Enter, or press ? or * to list all spells.
Aiming: Stone Arrow (safe; 9% risk of failure)
Press: ? - help, Shift-Dir - straight line, f/p - orc warrior
Aim: an orc warrior, wielding a +0 dire flail and wearing a +0 plate armour You miscast Stone Arrow.
You are momentarily dazzled by a flash of light!
The orc warrior misses you.
The orc wizard hits you with a +0 dagger.
* * * LOW HITPOINT WARNING * * *
The orc wizard casts a spell at you. You resist. The puff of flame hits you.
You die...

######## #^..$..#
#o####.# ##.####.#
############@.o.#..#####
#.............#........#
####......##.###.#.#.#.#
#........(##.#
#.......##
#.##.....###.#
###.#.#..#
#........###.# #..รท...#
# #..#.#.......#
###>##.#.#
#......##..... #....).#
##.#.#..#..... ####.###


You could see an orc warrior and an orc wizard.

Vanquished Creatures
  A water moccasin (D:4)
  A black bear (D:6)
  Blork the orc (D:6)
  A centaur (D:6)
  2 scorpions
  2 water moccasin skeletons
  3 wights (D:6)
  A howler monkey (D:5)
  An orc priest (D:3)
  A crimson imp (D:5)
  A hound (D:3)
  A bullfrog skeleton (D:5)
  An orc wizard (D:3)
  An iguana (D:6)
  3 worker ants (D:5)
  A hound zombie (D:6)
  A mummy (D:5)
  A gnoll (D:5)
  6 adders
  A shadow imp (D:3)
  2 oozes
  An adder zombie (D:5)
  3 worms
  A dart slug (D:1)
  4 leopard geckos
  9 orcs
  A ball python (D:1)
  3 bats
  A giant cockroach (D:1)
  3 goblins
  5 hobgoblins
  30 jackals
  5 kobolds
  2 quokkas
  5 frilled lizards
  2 quokka skeletons (D:4)
  2 rats
110 creatures vanquished.

Vanquished Creatures (collateral kills)
  A bullfrog zombie (D:4)
1 creature vanquished.

Grand Total: 111 creatures vanquished

Notes
Turn   | Place    | Note
-------+----------+-------------------------------------------
     0 | D:1      | Lazarus1551 the Oni Earth Elementalist began the quest for
                  | the Orb.
     0 | D:1      | Reached XP level 1. HP: 14/14 MP: 6/6
   111 | D:1      | Reached XP level 2. HP: 16/20 MP: 7/7
   124 | D:1      | Reached skill level 3 in Spellcasting
   600 | D:2      | Reached XP level 3. HP: 12/26 MP: 7/9
  1453 | D:3      | Reached XP level 4. HP: 29/33 MP: 9/11
  1790 | D:3      | Reached skill level 1 in Fighting
  1790 | D:3      | Reached XP level 5. HP: 32/40 MP: 4/12
  1803 | D:3      | Reached skill level 4 in Spellcasting
  2528 | D:3      | Learned a level 1 spell: Necrotize
  2532 | D:3      | Learned a level 3 spell: Stone Arrow
  2581 | D:4      | Found Ydghac's Weapon Emporium.
  2640 | D:4      | Reached XP level 6. HP: 36/47 MP: 14/14
  2691 | D:4      | Noticed a water moccasin
  2716 | D:4      | Killed a water moccasin
  3275 | D:5      | Entered Level 5 of the Dungeon
  3409 | D:5      | Reached XP level 7. HP: 46/52 MP: 0/16
  3506 | D:5      | Found a staircase to the Ecumenical Temple.
  3513 | Temple   | Entered the Ecumenical Temple
  3658 | Temple   | Became a worshipper of Ashenzari the Shackled
  3659 | Temple   | Found the cursed amulet of Vision {SInv *Curse}
  3974 | D:5      | Reached skill level 5 in Spellcasting
  4122 | D:5      | Found a snail-covered altar of Cheibriados.
  4881 | D:5      | Reached skill level 1 in Maces & Flails
  5079 | D:6      | Found a bloodstained altar of Trog.
  5079 | D:6      | Noticed a two-headed ogre
  5332 | D:6      | Noticed a two-headed ogre
  5545 | D:6      | Reached XP level 8. HP: 62/62 MP: 12/18
  5635 | D:6      | Noticed Blork the orc
  5644 | D:6      | Killed Blork the orc
  5925 | D:6      | Reached skill level 6 in Spellcasting
  6121 | D:6      | HP: 3/62 [orc warrior/+0 dire flail (25)]
  6125 | D:6      | Killed from afar by an orc wizard

Skill      XL: |  1  2  3  4  5  6  7  8 |
---------------+-------------------------+-----
Spellcasting   | 3 4 5 6 |  6.2
Dodging        | 2 3 4 |  4.1
Fighting       | 1 2 |  2.3
Maces & Flails | 2 |  2.1
Stealth        | |  1.7
Shields        | |  0.3
Unarmed Combat | |  1.0
Conjurations   | |  6.2
Hexes          | |  6.2
Charms         | |  6.2
Summonings     | |  6.2
Necromancy     | |  6.2
Translocations | |  6.2
Transmutations | |  6.2
Fire Magic     | |  6.2
Ice Magic      | |  6.2
Air Magic      | |  6.2
Earth Magic    | |  6.2
Poison Magic   | |  6.2

Action                   |  1- 3 |  4- 6 |  7- 9 || total
-------------------------+-------+-------+-------++-------
Melee: Unarmed           |   148 |   189 |    36 ||   373
       Headbutt          |    15 |    28 |    26 ||    69
       Bite              |    10 |    12 |    17 ||    39
       Punch             |       |     1 |       ||     1
       Flail             |       |       |   112 ||   112
 Cast: Sandblast         |    17 |    31 |     3 ||    51
       Necrotize         |       |     5 |       ||     5
       Stone Arrow       |       |     4 |    42 ||    46
  Use: Potion            |       |     1 |     2 ||     3
       Scroll            |       |     9 |       ||     9
 Stab: Sleeping          |     1 |     1 |     5 ||     7
  Eat: Chunk             |     5 |    11 |    11 ||    27
       Ration            |       |       |     2 ||     2
Armor: Animal skin       |    40 |    48 |    33 ||   121
       Robe              |       |       |     7 ||     7
Dodge: Dodged            |   102 |   144 |   115 ||   361
Block: Buckler           |       |       |    33 ||    33
